[Event "Team 45 45 League T65"]
[Site "Internet Chess Club"]
[Date "2015.06.10"]
[Round "2"]
[White "ticopatzer"]
[Black "OperaDude94"]
[Result "0-1"]
[WhiteElo "1702"]
[BlackElo "1877"]
[Opening "Budapest: Adler variation"]
[ECO "A52"]
[Time "20:00:26"]
[TimeControl "2700+45"]

1. d4 Nf6 2. c4 e5 3. dxe5 Ng4 4. Nf3 Bc5 5. e3 Nc6 6. Be2 Ngxe5 7. O-O O-O 8.
Qd5 d6 9. a3 Be6 10. Qe4 f5 11. Qf4 Nxf3+ 12. Bxf3 g5 13. Qg3 Bxc4 14. Rd1 h6
15. b4 Qf6 16. bxc5 Qxa1 17. Nd2 Be6 18. cxd6 cxd6 19. Qxd6 Qe5 20. Qd3 Rfd8 21.
Qb1 Qc7 22. Bb2 Rd7 23. Qc2 Nd4 24. Qa4 Nxf3+ 25. Nxf3 Rxd1+ 26. Qxd1 Rd8 27.
Nd4 Qc4 28. h3 b6 29. Qb1 Qd5 30. Ba1 Qa2 31. Qxa2 Bxa2 32. Bc3 Bb1 33. Bb4 Rc8
34. f4 a5 35. Bd6 Kf7 36. g4 Rc3 37. Kf2 fxg4 38. hxg4 Be4 39. f5 Rc1 40. Bc7
Rxc7 {White resigns} 0-1

[Event "Team 45 45 League T65"]
[Site "Internet Chess Club"]
[Date "2015.06.11"]
[Round "2"]
[White "pishd"]
[Black "rayonline53"]
[Result "0-1"]
[WhiteElo "1788"]
[BlackElo "1601"]
[Opening "Queen's pawn: Yusupov-Rubinstein system"]
[ECO "A46"]
[Time "08:01:49"]
[TimeControl "2700+45"]

1. d4 Nf6 2. Nf3 e6 3. e3 b6 4. Bd3 Bb7 5. Nbd2 c5 6. O-O Nc6 7. c3 Be7 8. a3
O-O 9. e4 d5 10. e5 Nd7 11. Re1 Rc8 12. Nf1 cxd4 13. cxd4 Na5 14. N3d2 Rc7 15.
Ng3 Qc8 16. Qe2 Nc4 17. f4 Nxd2 18. Bxd2 f5 19. exf6 Bxf6 20. Qxe6+ Kh8 21. Bc3
Rc6 22. Qh3 h6 23. Nf5 Nb8 24. Qh5 Qd7 25. Kh1 Ba6 26. Bc2 Bc4 27. Nxh6 gxh6 28.
Qxh6+ Kg8 29. Re3 Rf7 30. Rae1 Rf8 31. Rg3+ Bg7 32. Bh7+ Kh8 33. Qh3 Qxh3 34.
Rxh3 Rh6 35. Ree3 Rxh7 {White resigns} 0-1

[Event "Team 45 45 League T65"]
[Site "Internet Chess Club"]
[Date "2015.06.21"]
[Round "2"]
[White "evan7284"]
[Black "ILRE"]
[Result "0-1"]
[WhiteElo "1661"]
[BlackElo "1743"]
[Opening "Queen's Pawn"]
[ECO "A41"]
[Time "15:00:32"]
[TimeControl "2700+45"]

1. d4 d6 2. Nf3 Nd7 3. Bg5 Ngf6 4. Nbd2 h6 5. Bh4 g5 6. Bg3 Nh5 7. e3 Bg7 8. Bd3
Ndf6 9. c3 Be6 10. Qc2 Qd7 11. e4 Nxg3 12. hxg3 Bg4 13. O-O-O O-O-O 14. e5 Nd5
15. exd6 exd6 16. Rde1 Kb8 17. Re2 Rde8 18. Rhe1 Rxe2 19. Rxe2 Re8 20. Rxe8+
Qxe8 21. Qb3 Nb6 22. Bb5 Bd7 23. Bxd7 Qxd7 24. Nc4 Nxc4 25. Qxc4 Qe7 26. Kd2 c6
27. Qd3 g4 28. Nh4 Qg5+ 29. Qe3 Qd8 30. Qf4 h5 31. Qxf7 Bh6+ 32. Kc2 Qg5 33. Qf5
Qd2+ 34. Kb3 b5 35. Qg6 Qd1+ 36. Qc2 Qf1 37. c4 a5 38. c5 a4+ 39. Ka3 Bf8 40.
Qe4 Qxf2 41. Qe8+ Kc7 42. Qe4 Qxg3+ 43. b3 Qxh4 44. Qh7+ Be7 45. Qg8 dxc5 46.
Qe6 cxd4+ 47. b4 {White resigns} 0-1

[Event "Team 45 45 League T65"]
[Site "Internet Chess Club"]
[Date "2015.06.16"]
[Round "2"]
[White "XGG123"]
[Black "Bluebeamer"]
[Result "0-1"]
[WhiteElo "1267"]
[BlackElo "1474"]
[Opening "Sicilian: Labourdonnais-Löwenthal variation"]
[ECO "B32"]
[Time "17:00:14"]
[TimeControl "2700+45"]

1. e4 c5 2. Nf3 Nc6 3. d4 cxd4 4. Nxd4 e5 5. Nb5 Nf6 6. N1c3 Bb4 7. a3 Bxc3+ 8.
Nxc3 a6 9. Bg5 h6 10. Bh4 g5 11. Bg3 d6 12. Bc4 Qa5 13. O-O Qc5 14. Bb3 h5 15.
h4 Bg4 16. Qe1 Rg8 17. Nd5 Nxd5 18. exd5 Ne7 19. Qd2 Nf5 20. Qd3 gxh4 21. Bh2 h3
22. g3 h4 23. Rae1 hxg3 24. Bxg3 Nxg3 25. Qxg3 O-O-O 26. Re3 Bd7 27. Kh2 Rxg3
28. Rxg3 Qd4 29. Rc3+ Kb8 {White forfeits on time} 0-1

[Event "Team 45 45 League T65"]
[Site "Internet Chess Club"]
[Date "2015.06.15"]
[Round "2"]
[White "MasterD"]
[Black "Berke"]
[Result "1/2-1/2"]
[WhiteElo "1464"]
[BlackElo "1507"]
[Opening "Bishop's opening: Berlin defense"]
[ECO "C24"]
[Time "16:07:49"]
[TimeControl "2700+45"]

1. e4 e5 2. Bc4 Nf6 3. d3 Be7 4. Nc3 c6 5. Nf3 d6 6. O-O Bg4 7. Bd2 Nbd7 8. Qe2
Nf8 9. h3 Bh5 10. g4 Bg6 11. Rae1 Ne6 12. Bxe6 fxe6 13. Ng5 Qd7 14. f4 exf4 15.
Bxf4 e5 16. Bd2 h5 17. gxh5 Bxh5 18. Qg2 g6 19. Re3 O-O-O 20. Nf7 Qe6 21. Nxd8
Bxd8 22. a3 Bb6 {Game drawn by mutual agreement} 1/2-1/2

[Event "Team 45 45 League T65"]
[Site "Internet Chess Club"]
[Date "2015.06.13"]
[Round "2"]
[White "Brazuka"]
[Black "karthikkallam"]
[Result "0-1"]
[WhiteElo "1207"]
[BlackElo "1415"]
[Opening "Ruy Lopez: Berlin defense"]
[ECO "C65"]
[Time "12:00:19"]
[TimeControl "2700+45"]

1. e4 e5 2. Nf3 Nc6 3. Bb5 Nf6 4. d3 Bc5 5. O-O d6 6. Nc3 h6 7. d4 exd4 8. Nxd4
Bxd4 9. Qxd4 O-O 10. Bxc6 bxc6 11. Qe3 Re8 12. Qg3 Nxe4 13. Nxe4 Rxe4 14. Bxh6
Rg4 15. Qc3 gxh6 16. f4 Bb7 17. h3 Rg7 18. g4 c5 19. Kh2 Qh4 20. f5 Rxg4 21. Rg1
Qf2+ {White resigns} 0-1

[Event "Team 45 45 League T65"]
[Site "Internet Chess Club"]
[Date "2015.06.13"]
[Round "2"]
[White "RUPIS"]
[Black "kutch"]
[Result "1-0"]
[WhiteElo "1609"]
[BlackElo "1559"]
[Opening "Giuoco Piano"]
[ECO "C53"]
[Time "13:05:39"]
[TimeControl "2700+45"]

1. e4 e5 2. Nf3 Nc6 3. Bc4 Bc5 4. c3 d6 5. d4 exd4 6. cxd4 Bb4+ 7. Nc3 Bg4 8.
Be3 Nf6 9. d5 Ne5 10. Qa4+ Qd7 11. Qxb4 Bxf3 12. gxf3 Nxf3+ 13. Kd1 O-O 14. Be2
Qh3 15. Kc2 Rfe8 16. Bxf3 Qxf3 17. Kd3 c5 18. dxc6 bxc6 19. Rhg1 Rab8 20. Qd4
Rxb2 21. Rg3 Qh5 22. Qxf6 g6 23. Bd4 Kf8 24. Qg7+ Ke7 25. Nd5+ cxd5 26. Bxb2
dxe4+ 27. Ke3 Qc5+ 28. Qd4 Qf5 29. Rc1 {Black resigns} 1-0

[Event "Team 45 45 League T65"]
[Site "Internet Chess Club"]
[Date "2015.06.14"]
[Round "2"]
[White "PostMike"]
[Black "mongmong"]
[Result "1-0"]
[WhiteElo "1500"]
[BlackElo "1466"]
[Opening "French: Tarrasch"]
[ECO "C03"]
[Time "08:01:38"]
[TimeControl "2700+45"]

1. e4 e6 2. d4 d5 3. Nd2 h6 4. Ngf3 Nf6 5. exd5 exd5 6. Bd3 c5 7. Bb5+ Nc6 8.
Qe2+ Be6 9. Ne5 Rc8 10. Ndf3 Be7 11. dxc5 Bxc5 12. c3 O-O 13. O-O a6 14. Ba4 b5
15. Nxc6 Rxc6 16. Bb3 b4 17. Ne5 Rb6 18. Nd3 Nd7 19. Nxb4 Bxb4 20. cxb4 Rxb4 21.
Qxa6 Nc5 22. Qa3 Qb8 23. Bd1 Nd3 24. Qxd3 {Black resigns} 1-0

[Event "Team 45 45 League T65"]
[Site "Internet Chess Club"]
[Date "2015.06.13"]
[Round "2"]
[White "backwardpawn903"]
[Black "medsurg"]
[Result "1-0"]
[WhiteElo "1306"]
[BlackElo "1411"]
[Opening "Queen's pawn, Mason variation"]
[ECO "D00"]
[Time "23:00:29"]
[TimeControl "2700+45"]

1. d4 d5 2. Bf4 Nf6 3. e3 b6 4. Nf3 Nh5 5. Bg3 Nxg3 6. hxg3 Qd6 7. Nbd2 Nd7 8.
c3 c5 9. Bd3 Nf6 10. e4 dxe4 11. Nxe4 Nxe4 12. Bxe4 Qe6 13. Qe2 Rb8 14. d5 Qf6
15. Rd1 e5 16. dxe6 Bxe6 17. Bc6+ Ke7 18. Rd7+ Ke8 19. Rb7+ Kd8 20. Qd3+ {Black
resigns} 1-0

[Event "Team 45 45 League T65"]
[Site "Internet Chess Club"]
[Date "2015.06.11"]
[Round "2"]
[White "Aquaman"]
[Black "bardu"]
[Result "0-1"]
[WhiteElo "1342"]
[BlackElo "1193"]
[Opening "Réti: King's Indian attack (Barcza system)"]
[ECO "A07"]
[Time "16:06:39"]
[TimeControl "2700+45"]

1. Nf3 d5 2. g3 Nf6 3. Bg2 e6 4. O-O b6 5. d3 Bb7 6. Nbd2 Be7 7. Re1 O-O 8. c3
c5 9. Qc2 Nc6 10. a3 Qc7 11. e4 Rfe8 12. exd5 Nxd5 13. Ne4 Nf6 14. Nxf6+ Bxf6
15. Bh3 Rad8 16. Bg5 Qe7 17. Bxf6 Qxf6 18. Nd2 Ne5 19. Re3 Qh6 20. Bf1 Ng4 21.
h4 Nxe3 22. fxe3 Qxe3+ 23. Kh2 Qf2+ 24. Kh3 c4 25. d4 e5 26. Rd1 e4 27. Qc1 Bc8+
28. g4 e3 29. Nxc4 e2 30. Re1 exf1=Q+ 31. Rxf1 Qe2 32. Ne5 f6 33. Qf4 fxe5 34.
dxe5 Rd3+ {White resigns} 0-1

[Event "Team 45 45 League T65"]
[Site "Internet Chess Club"]
[Date "2015.06.10"]
[Round "2"]
[White "isolani"]
[Black "QuieroAprender"]
[Result "0-1"]
[WhiteElo "1515"]
[BlackElo "1568"]
[Opening "Queen's pawn game"]
[ECO "A46"]
[Time "19:01:17"]
[TimeControl "2700+45"]

1. d4 Nf6 2. Nf3 d6 3. c4 c6 4. Nc3 Bg4 5. e4 Nbd7 6. Be2 Bxf3 7. Bxf3 e5 8. Be3
Be7 9. O-O O-O 10. b4 exd4 11. Bxd4 c5 12. bxc5 Nxc5 13. Rb1 Rb8 14. Bxc5 dxc5
15. e5 Nd7 16. Re1 b6 17. Qd5 Re8 18. e6 fxe6 19. Qxe6+ Kh8 20. Red1 Bf6 21.
Qxd7 Re1+ {White resigns} 0-1

[Event "Team 45 45 League T65"]
[Site "Internet Chess Club"]
[Date "2015.06.13"]
[Round "2"]
[White "JOFRAN"]
[Black "ElMarginal"]
[Result "1-0"]
[WhiteElo "1436"]
[BlackElo "1609"]
[Opening "English opening"]
[ECO "A17"]
[Time "18:40:39"]
[TimeControl "2700+45"]

1. c4 Nf6 2. Nc3 e6 3. g3 Nc6 4. Bg2 Be7 5. Nf3 d5 6. d4 O-O 7. b3 Bb4 8. Bd2
dxc4 9. bxc4 Nxd4 10. O-O Ng4 11. Rb1 a5 12. a3 Bxa3 13. Nxd4 Qxd4 14. Nb5 Qc5
15. Qa4 Rd8 16. Bc3 Qh5 17. h3 Nxf2 18. Qxa3 Nxh3+ 19. Bxh3 Qxh3 20. Rf3 b6 21.
e4 Bb7 22. Qe7 f6 23. Re1 Bxe4 24. Rxe4 Rd1+ 25. Be1 e5 26. Qxc7 Rc8 27. Qxb6
Rxc4 28. Re2 Rcc1 29. Qxa5 Ra1 30. Qc3 Rac1 31. Qe3 Ra1 32. Nc3 Rdc1 33. Ne4
Rcb1 34. Nf2 Qc8 35. Kg2 Qc6 36. Ne4 Ra4 37. Bf2 Rbb4 38. Qc5 Qa6 39. Qe7 h6 40.
Nxf6+ gxf6 41. Rxf6 Qa8+ 42. Kh2 Rh4+ 43. gxh4 Rg4 44. Qe6+ {Black resigns} 1-0

[Event "Team 45 45 League T65"]
[Site "Internet Chess Club"]
[Date "2015.06.12"]
[Round "2"]
[White "rgadoury"]
[Black "BrianWood"]
[Result "1/2-1/2"]
[WhiteElo "1463"]
[BlackElo "1513"]
[Opening "Queen's pawn game"]
[ECO "D00"]
[Time "20:00:38"]
[TimeControl "2700+45"]

1. d4 d5 2. g3 Nf6 3. Bg2 e6 4. Nf3 Be7 5. O-O O-O 6. Nbd2 c5 7. c4 Nc6 8. dxc5
Bxc5 9. cxd5 exd5 10. Re1 Re8 11. e3 h6 12. b3 Bf5 13. Bb2 Rc8 14. a3 a5 15. h3
Ne4 16. Nxe4 Bxe4 17. Nd2 Bxg2 18. Kxg2 Ne5 19. Bxe5 Rxe5 20. Nf3 Re8 21. Qd2
Be7 22. Nd4 Bf6 23. Rab1 Bxd4 24. exd4 Rxe1 25. Rxe1 {Game drawn by mutual
agreement} 1/2-1/2

[Event "Team 45 45 League T65"]
[Site "Internet Chess Club"]
[Date "2015.06.15"]
[Round "2"]
[White "olivermx"]
[Black "oldbookseller"]
[Result "1-0"]
[WhiteElo "1352"]
[BlackElo "1188"]
[Opening "Ruy Lopez: Berlin defense, Beverwijk variation"]
[ECO "C64"]
[Time "17:30:52"]
[TimeControl "2700+45"]

1. e4 e5 2. Nf3 Nc6 3. Bb5 Bc5 4. O-O Nf6 5. d3 O-O 6. h3 Nd4 7. Nxd4 Bxd4 8.
Nd2 d5 9. exd5 Qxd5 10. Bc4 Qd7 11. Nf3 b6 12. c3 Bc5 13. Nxe5 Qe7 14. d4 Bd6
15. Nf3 Bb7 16. Be3 Qd7 17. Bd3 Qc6 18. Bg5 Bh2+ 19. Kxh2 Qd6+ 20. Kg1 c5 21.
dxc5 Qxc5 22. Be3 Qc6 23. Bg5 Rae8 24. Bxf6 Qxf6 25. Re1 g6 26. Rxe8 Rxe8 27.
Bb5 Re5 28. Nxe5 Qxe5 29. Be2 h5 30. Bf3 Ba6 31. Qd4 Qb5 32. Re1 Qxb2 33. Re8+
Kh7 34. Qh8# {Black checkmated} 1-0

[Event "Team 45 45 League T65"]
[Site "Internet Chess Club"]
[Date "2015.06.14"]
[Round "2"]
[White "Invicta-Knight"]
[Black "Hal2001"]
[Result "0-1"]
[WhiteElo "1633"]
[BlackElo "1614"]
[Opening "Robatsch (modern) defense"]
[ECO "B06"]
[Time "11:25:29"]
[TimeControl "2700+45"]

1. e4 g6 2. d4 Bg7 3. Nf3 c5 4. Be3 cxd4 5. Bxd4 Nf6 6. Bc4 Nc6 7. Bc3 O-O 8.
Nbd2 d6 9. Qe2 a6 10. a3 b5 11. Ba2 Bb7 12. h3 Rc8 13. O-O-O Qc7 14. g4 Na5 15.
Nd4 Nd7 16. N2b3 Nc4 17. g5 Nc5 18. f3 Nxb3+ 19. Bxb3 e5 20. Bxc4 exd4 21. Bxd4
Qxc4 {White resigns} 0-1

[Event "Team 45 45 League T65"]
[Site "Internet Chess Club"]
[Date "2015.06.13"]
[Round "2"]
[White "ChessMaine"]
[Black "kingphisch"]
[Result "1-0"]
[WhiteElo "1523"]
[BlackElo "1489"]
[Opening "Queen's pawn game"]
[ECO "D00"]
[Time "18:32:36"]
[TimeControl "2700+45"]

1. d4 d5 2. e3 Bf5 3. c4 e6 4. Qb3 Nd7 5. cxd5 exd5 6. Qxd5 Be6 7. Qxb7 Rb8 8.
Qc6 Ne7 9. Qa4 Nd5 10. Bd2 Bd6 11. Be2 Nb6 12. Qc2 O-O 13. e4 f6 14. Nf3 c5 15.
d5 Bf7 16. Nc3 Ne5 17. Nb5 Qe7 18. Nxd6 Qxd6 19. O-O Nbd7 20. a3 Rbc8 21. Rfc1
Bg6 22. Nh4 f5 23. Nxg6 hxg6 24. f3 fxe4 25. fxe4 Nf6 26. Rf1 c4 27. Bb4 Qb6+
28. Kh1 Rfe8 29. Bc3 Neg4 30. Bxg4 Nxg4 31. Rf3 Rf8 32. Raf1 Rxf3 33. Rxf3 Nf2+
34. Qxf2 Qxf2 35. Rxf2 Rf8 36. Rxf8+ Kxf8 37. Kg1 Ke7 38. Bxg7 Kd6 39. Kf2 a6
40. Ke3 Ke7 41. Kd4 Kf7 42. Be5 {Black resigns} 1-0

[Event "Team 45 45 League T65"]
[Site "Internet Chess Club"]
[Date "2015.06.11"]
[Round "2"]
[White "BrerRabbit"]
[Black "seattleblues"]
[Result "1/2-1/2"]
[WhiteElo "1450"]
[BlackElo "1420"]
[Opening "Réti opening"]
[ECO "A05"]
[Time "10:31:50"]
[TimeControl "2700+45"]

1. Nf3 Nf6 2. g3 d6 3. Bg2 g6 4. O-O Bg7 5. d3 O-O 6. e4 e5 7. Nbd2 Nc6 8. a4 a5
9. c3 Be6 10. Re1 Re8 11. Nc4 Nd7 12. Ng5 Bxc4 13. dxc4 Nc5 14. b3 h6 15. Nf3
Qd7 16. Qc2 Rad8 17. Ba3 Ne6 18. Rad1 Qc8 19. Nd2 b6 20. Nf1 Ne7 21. Ne3 Ng5 22.
Nd5 Nxd5 23. Rxd5 Nh3+ 24. Kf1 Qg4 {Game drawn by mutual agreement} 1/2-1/2

[Event "Team 45 45 League T65"]
[Site "Internet Chess Club"]
[Date "2015.06.12"]
[Round "2"]
[White "Conjurer"]
[Black "gwillis"]
[Result "1-0"]
[WhiteElo "1349"]
[BlackElo "1359"]
[Opening "Queen's pawn game, Chigorin variation"]
[ECO "D02"]
[Time "12:10:53"]
[TimeControl "2700+45"]

1. d4 d5 2. Nf3 Nc6 3. Bf4 Bg4 4. h3 Bh5 5. g4 Bg6 6. Nh4 e6 7. Nxg6 hxg6 8. Bg2
Nf6 9. O-O Bd6 10. Bg5 Qd7 11. c3 Nxg4 12. hxg4 Bh2+ 13. Kh1 Bf4+ 14. Kg1 Bxg5
15. f4 Be7 16. Nd2 O-O-O 17. Qa4 Rh4 18. Bf3 b6 19. c4 Kb7 20. e4 Nxd4 21. Qxd7
Nxf3+ 22. Nxf3 Rxg4+ 23. Kf2 Bc5+ 24. Ke2 Rxd7 25. Ne5 Rxf4 26. Rxf4 Bd6 27.
Rxf7 Rxf7 28. Nxf7 Be7 29. cxd5 exd5 30. exd5 Bf6 31. Rb1 Kc8 32. b4 Kd7 33. Rd1
Ke7 34. Nh8 Kd6 35. Nxg6 Bg5 36. b5 Bf6 37. Nf8 g5 38. Ne6 g4 39. Ke3 g3 40. Ke4
Be5 41. Rg1 {Black resigns} 1-0

[Event "Team 45 45 League T65"]
[Site "Internet Chess Club"]
[Date "2015.06.14"]
[Round "2"]
[White "GideonL"]
[Black "BoardOfWar"]
[Result "1-0"]
[WhiteElo "1547"]
[BlackElo "1173"]
[Opening "Giuoco Piano: four knights variation"]
[ECO "C47"]
[Time "20:01:54"]
[TimeControl "2700+45"]

1. e4 e5 2. Nf3 Nc6 3. Nc3 Nf6 4. Bc4 Bc5 5. O-O O-O 6. d3 d6 7. Bg5 h6 8. Bh4
Bg4 9. h3 Bh5 10. g4 Bg6 11. Nd5 a6 12. Nxf6+ gxf6 13. Kh2 Kg7 14. Nd2 Rh8 15.
f4 b5 16. Bd5 Qe8 17. fxe5 Qxe5+ 18. Kh1 Qe8 19. Bxf6+ Kh7 20. Bxh8 Kxh8 21. Qf3
Ne5 22. Qf6+ Kh7 23. Bxa8 Qxa8 24. Nf3 Qe8 25. Rae1 Qf8 26. Nxe5 dxe5 27. Qxe5
Bd6 28. Qd5 Qg7 29. e5 Bf8 30. e6 fxe6 31. Rxe6 Bf7 32. Rxf7 Qxf7 33. Rxh6+ Bxh6
34. Qxf7+ Bg7 35. g5 c5 36. g6+ Kh6 37. Qf5 c4 38. h4 cxd3 39. Qg5# {Black
checkmated} 1-0

[Event "Team 45 45 League T65"]
[Site "Internet Chess Club"]
[Date "2015.06.13"]
[Round "2"]
[White "SeniorCitizen"]
[Black "guyd52"]
[Result "1/2-1/2"]
[WhiteElo "1360"]
[BlackElo "1335"]
[Opening "Pirc: classical system, 5.Be2"]
[ECO "B08"]
[Time "07:00:45"]
[TimeControl "2700+45"]

1. e4 d6 2. d4 Nf6 3. Nc3 g6 4. Nf3 Bg7 5. Be2 O-O 6. O-O Nbd7 7. h3 e5 8. d5
Nc5 9. Bg5 a5 10. a3 b6 11. Bxf6 Qxf6 12. b4 Na6 13. Bxa6 Bxa6 14. b5 Bb7 15. a4
Bh6 16. Ne2 Bc8 17. Ng3 Bf4 18. Qd3 h5 19. Ne2 Bh6 20. Nh2 Qg5 21. f4 Qe7 22.
Rf3 Bd7 23. Raf1 f6 24. Rg3 Kh7 25. f5 g5 26. Qc3 Rac8 {Game drawn by mutual
agreement} 1/2-1/2

[Event "Team 45 45 League T65"]
[Site "Internet Chess Club"]
[Date "2015.06.14"]
[Round "2"]
[White "Conjurer"]
[Black "Fogbound"]
[Result "1/2-1/2"]
[WhiteElo "1358"]
[BlackElo "1274"]
[Opening "Queen's bishop game"]
[ECO "D02"]
[Time "12:02:30"]
[TimeControl "2700+45"]

1. d4 d5 2. Nf3 Nf6 3. Bf4 e6 4. e3 Be7 5. c4 c6 6. Nc3 O-O 7. Bd3 Nbd7 8. cxd5
exd5 9. O-O Re8 10. Rc1 Nf8 11. a3 Bg4 12. b4 Ne6 13. Be5 Bd6 14. Be2 Bxf3 15.
Bxf3 Ng5 16. Bxd6 Qxd6 17. Be2 Nfe4 18. f3 Ng3 19. hxg3 Qxg3 20. Qe1 Nh3+ 21.
Kh1 Qg5 22. gxh3 Qxe3 23. Qf2 Qh6 24. Qg3 Re6 25. f4 Rae8 26. Bg4 Re3 27. Rf3
R3e7 28. Rcf1 Qf6 29. Qf2 Qd6 30. Qg3 a5 31. f5 Qf6 32. Rf4 axb4 33. axb4 Re3
34. R1f3 Re1+ 35. Rf1 Rxf1+ 36. Kh2 Rfe1 37. b5 R1e3 38. Rf3 Qxd4 39. Rxe3 Qxe3
40. Qxe3 Rxe3 41. Nd1 Rd3 42. bxc6 bxc6 43. Kg1 d4 44. Kf1 c5 45. Ke2 Rg3 46.
Kf2 Ra3 47. Ke2 f6 48. h4 h6 49. h5 Kf8 50. Kd2 Ke7 51. Nb2 Ra2 52. Kc1 Ra3
{Game drawn by mutual agreement} 1/2-1/2

[Event "Team 45 45 League T65"]
[Site "Internet Chess Club"]
[Date "2015.06.12"]
[Round "2"]
[White "oldbookseller"]
[Black "WilmaP"]
[Result "0-1"]
[WhiteElo "1179"]
[BlackElo "1212"]
[Opening "Queen's pawn game"]
[ECO "D02"]
[Time "13:00:52"]
[TimeControl "2700+45"]

1. d4 d5 2. Nf3 e6 3. e3 Nd7 4. Bd3 c5 5. Nbd2 Ngf6 6. O-O Qc7 7. b3 Bd6 8. e4
Ng4 9. e5 Be7 10. Bb2 f6 11. h3 Nh6 12. Qe2 Nf5 13. Ne1 cxd4 14. Qh5+ g6 15. Qg4
Qxe5 16. Nef3 Qd6 17. Bxd4 h5 18. Qxg6+ Kd8 19. c3 e5 20. Bxf5 exd4 21. cxd4 Nf8
22. Qg7 Bxf5 23. Qxh8 Bg6 24. Qg7 Kd7 25. Rac1 Bd3 26. Rfe1 Ne6 27. Qh6 Nf4 28.
Nh4 Rg8 29. Ndf3 Nxh3+ 30. Kh1 Nxf2+ 31. Kg1 Ng4 32. Nf5 Nxh6 33. Nxd6 Bxd6 34.
Rc3 Be4 35. Ne5+ fxe5 36. dxe5 Rxg2+ 37. Kf1 Bb4 38. e6+ Kxe6 39. Rxe4+ dxe4 40.
Re3 Rxa2 41. Rxe4+ Kf5 42. Rxb4 b6 43. Rh4 Kg5 44. Rc4 Ng4 45. Rc8 Ne3+ 46. Kg1
Kh4 47. Re8 Ng4 48. Re4 Kg3 49. Rd4 Ra1+ {White resigns} 0-1

[Event "Team 45 45 League T65"]
[Site "Internet Chess Club"]
[Date "2015.06.13"]
[Round "2"]
[White "Electryon"]
[Black "Husky99"]
[Result "1/2-1/2"]
[WhiteElo "1421"]
[BlackElo "1280"]
[Opening "Queen's pawn game, Chigorin variation"]
[ECO "D02"]
[Time "16:08:20"]
[TimeControl "2700+45"]

1. d4 d5 2. Nf3 Nc6 3. Bf4 Nf6 4. h3 e6 5. e3 h6 6. Nbd2 Be7 7. Bd3 O-O 8. O-O
b6 9. c4 dxc4 10. Nxc4 Nd5 11. Bg3 f6 12. a3 Bd6 13. Nxd6 cxd6 14. Be4 Nce7 15.
Qb3 f5 16. Bd3 f4 17. exf4 Nxf4 18. Bxf4 Rxf4 19. Rfe1 Kh8 20. Re4 Rf8 21. Rae1
Bb7 22. R4e3 Bxf3 23. Qxe6 Nd5 24. Rxf3 Rxf3 25. gxf3 Nf4 26. Qf5 Nxd3 27. Qxd3
Qg5+ 28. Kh2 Qf4+ 29. Kh1 Rf8 30. Kg2 g6 31. Qe3 Qxe3 32. fxe3 Rc8 33. Re2 Kg7
34. Kg3 Kf6 {Game drawn by mutual agreement} 1/2-1/2

[Event "Team 45 45 League T65"]
[Site "Internet Chess Club"]
[Date "2015.06.12"]
[Round "2"]
[White "stantheman59"]
[Black "Aquaman"]
[Result "0-1"]
[WhiteElo "1263"]
[BlackElo "1355"]
[Opening "QP counter-gambit: Maroczy gambit"]
[ECO "C40"]
[Time "21:05:15"]
[TimeControl "2700+45"]

1. e4 e5 2. Nf3 d5 3. exd5 Bd6 4. Nc3 Nf6 5. d3 O-O 6. h3 Re8 7. Be2 Nbd7 8. O-O
Nb6 9. Be3 Nbxd5 10. Ne4 Nxe4 11. dxe4 Nxe3 12. fxe3 f6 13. Nh4 Qe7 14. Bg4 Be6
15. Bf5 Rad8 16. Ng6 hxg6 17. Bxg6 Bf7 18. Qh5 Bxg6 19. Qxg6 Bc5 20. Rf3 Rd2 21.
Raf1 Rf8 22. Rxf6 Rxf6 23. Rxf6 Qxf6 24. Qe8+ Bf8 {White resigns} 0-1

[Event "Team 45 45 League T65"]
[Site "Internet Chess Club"]
[Date "2015.06.12"]
[Round "2"]
[White "artspir"]
[Black "srikrish"]
[Result "1-0"]
[WhiteElo "1233"]
[BlackElo "1110"]
[Opening "Queen's pawn"]
[ECO "A40"]
[Time "18:00:35"]
[TimeControl "2700+45"]

1. d4 e6 2. Nf3 d5 3. Bf4 Nc6 4. c3 Nf6 5. Nbd2 Be7 6. h3 O-O 7. e3 Bd7 8. Be2
h6 9. O-O Re8 10. Ne5 Nxe5 11. dxe5 Ne4 12. Nxe4 dxe4 13. Qb3 Bc6 14. Rfd1 Bd5
15. c4 g5 16. Bh2 Bxc4 17. Bxc4 Qb8 18. Rd4 Bc5 19. Rxe4 Rd8 20. Rg4 c6 21. Bxe6
fxe6 22. Qxe6+ Kh7 23. Qf7+ Kh8 24. Qf6+ Kh7 25. e6 Bd6 26. Bxd6 Qxd6 27. Qf5+
Kg7 28. Qf7+ Kh8 29. h4 Rf8 30. Qg6 Rg8 31. Qxh6# {Black checkmated} 1-0

[Event "Team 45 45 League T65"]
[Site "Internet Chess Club"]
[Date "2015.06.15"]
[Round "2"]
[White "rhayder"]
[Black "bugeyes"]
[Result "1-0"]
[WhiteElo "1353"]
[BlackElo "1076"]
[Opening "Scotch: Schmidt variation"]
[ECO "C45"]
[Time "13:13:08"]
[TimeControl "2700+45"]

1. e4 e5 2. Nf3 Nc6 3. d4 exd4 4. Nxd4 Nf6 5. Nc3 Bb4 6. Nxc6 bxc6 7. Bd2 O-O 8.
Bd3 Re8 9. Qf3 d5 10. O-O-O Bxc3 11. Bxc3 dxe4 12. Bxe4 Qe7 13. Bxc6 Bg4 14. Qe3
Qxe3+ 15. fxe3 Bxd1 16. Bxa8 Rxa8 17. Rxd1 Kf8 18. Bxf6 gxf6 19. Rf1 Re8 20.
Rxf6 Rxe3 21. Rh6 Kg7 22. Kd2 Re5 23. Rc6 Rd5+ 24. Kc3 Rd7 25. Ra6 c5 26. Rc6
Rd5 27. Rc7 Re5 28. Kd3 Rd5+ 29. Kc3 Re5 30. Rxa7 Re2 31. Rc7 Rxg2 32. Rxc5 Rxh2
33. a4 Rh3+ 34. Kb4 Rh2 35. b3 Rh4+ 36. Kb5 Rh2 37. a5 Re2 38. a6 Re8 39. a7 h6
40. Kb6 Re6+ 41. Rc6 Re8 42. Kb7 Re7+ 43. Rc7 {Black resigns} 1-0

[Event "Team 45 45 League T65"]
[Site "Internet Chess Club"]
[Date "2015.06.13"]
[Round "2"]
[White "pcvan"]
[Black "AVEMARIA"]
[Result "0-1"]
[WhiteElo "1560"]
[BlackElo "1604"]
[Opening "Caro-Kann: exchange, Rubinstein variation"]
[ECO "B13"]
[Time "08:30:35"]
[TimeControl "2700+45"]

1. e4 c6 2. d4 d5 3. exd5 cxd5 4. Bd3 Nc6 5. c3 Nf6 6. Bf4 e6 7. Nf3 Be7 8. O-O
O-O 9. Qc2 g6 10. Nbd2 Re8 11. Rae1 a6 12. h4 Nh5 13. Bg5 Bxg5 14. Nxg5 Nf4 15.
Re3 Nxd3 16. Qxd3 e5 17. Rfe1 e4 18. Qe2 h6 19. Ngxe4 dxe4 20. Nxe4 Bd7 21. Nc5
Rxe3 22. Qxe3 Kg7 23. d5 Nb8 24. Qd4+ Qf6 25. Qxf6+ Kxf6 26. Nxb7 Bb5 27. Nd6
Ra7 28. c4 Bd7 29. c5 Rc7 30. b4 Bb5 31. c6 Bxc6 32. dxc6 Rxc6 33. Ne4+ Kg7 34.
Nc5 a5 35. a3 axb4 36. axb4 Rb6 37. Re4 Nc6 38. Nd3 Rb5 39. Kf1 f5 40. Rc4 Rb6
41. Ke2 Ne7 42. Kd2 Kf6 43. Kc3 Nc6 44. Kb3 Ne5 45. Nxe5 Kxe5 46. Ka4 Kd5 47.
Rf4 Kc6 48. g4 Ra6+ 49. Kb3 fxg4 50. Rxg4 Kb5 51. Rc4 Rf6 52. f4 Rf5 53. Re4 Rf6
54. Re5+ Kb6 55. h5 gxh5 56. Rxh5 Rxf4 57. Rxh6+ Kb5 58. Rh5+ Kb6 59. Ka4 Rf6
60. Rh4 Rd6 61. b5 Rf6 62. Rc4 Re6 63. Rc5 Re4+ 64. Kb3 Kxc5 {White resigns} 0-1

[Event "Team 45 45 League T65"]
[Site "Internet Chess Club"]
[Date "2015.06.14"]
[Round "2"]
[White "whiskeytown"]
[Black "ElMarginal"]
[Result "0-1"]
[WhiteElo "1571"]
[BlackElo "1624"]
[Opening "KP: Nimzovich defense"]
[ECO "B00"]
[Time "19:03:27"]
[TimeControl "2700+45"]

1. e4 Nc6 2. d4 d5 3. e5 Bf5 4. Nf3 Nb4 5. Na3 Qd7 6. c3 Nc6 7. Be3 Nh6 8. Nh4
Bg4 9. Be2 Bxe2 10. Qxe2 e6 11. Bg5 Be7 12. Bxe7 Qxe7 13. Nf3 O-O 14. O-O Nf5
15. Qd3 Kh8 16. Nc2 f6 17. Rfe1 Qf7 18. exf6 Qxf6 19. Ne3 Nh4 20. Ng4 Nxf3+ 21.
Qxf3 Qxf3 22. gxf3 Rae8 23. Kg2 Rf5 24. Re3 h5 25. Ne5 Nxe5 26. Rxe5 Rxe5 27.
dxe5 Rf8 28. h4 Rf5 29. Re1 Kh7 30. f4 Rxf4 31. Kg3 Rg4+ 32. Kh3 g5 33. hxg5 Kg6
34. Re3 Rxg5 35. f4 Rg4 36. Rf3 Kf5 37. a3 {White resigns} 0-1